 Dungeon Crawl Stone Soup version 0.20.1-1-g8b1a95d (webtiles) character file.

839 Peloso the Slasher (level 7, -5/54 HPs)
             Began as a Demonspawn Fighter on Aug 8, 2017.
             Killed from afar by a raiju (23 damage)
             ... with a living lightning
             ... on level 1 of the Abyss.
             The game lasted 00:13:26 (4523 turns).

Peloso the Slasher (Demonspawn Fighter)             Turns: 4523, Time: 00:13:26

Health: -5/54      AC: 15    Str: 18    XL:     7   Next: 67%
Magic:  0/7        EV:  5    Int: 10    God:
Gold:   315        SH:  9    Dex: 14    Spells: 6/6 levels left

rFire    . . .     SeeInvis .   a - +1 long sword
rCold    . . .     Gourm    .   c - +0 shield
rNeg     . . .     Faith    .   m - +3 chain mail
rPois    .         Spirit   +   (no helmet)
rElec    .         Reflect  .   y - +2 cloak
rCorr    .         Harm     .   (no gloves)
MR       .....                  (no boots)
Stlth    ..........             (no amulet)
Regen    0.2/turn               t - +2 ring of dexterity
MPRegen  0.2/turn               (no ring)

@: no status effects
A: claws 2, demonic guardian 1, magic shield, magic regeneration
a: no special abilities


You were on level 1 of the Abyss.
You were not hungry.

You visited 2 branches of the dungeon, and saw 6 of its levels.
You visited the Abyss 1 time.
You also visited: Sewer.

You collected 315 gold pieces.

Inventory:

Hand Weapons
 a - a +1 long sword (weapon)
Missiles
 C - 37 bolts
Armour
 c - a +0 shield (worn)
 m - a +3 chain mail (worn)
 o - +1 fire dragon scales
 y - a +2 cloak (worn)
Jewellery
 t - a +2 ring of dexterity (left claw)
Wands
 x - a wand of confusion (25/48)
 E - a wand of polymorph (5/24)
Scrolls
 d - 4 scrolls of teleportation
 e - 3 scrolls of blinking {unknown}
 i - 2 scrolls of fog
 k - 3 scrolls of identify
 p - a scroll of remove curse
 q - a scroll of amnesia {unknown}
 v - a scroll of enchant weapon
Potions
 g - a potion of might
 j - 3 potions of agility
 l - a potion of degeneration {unknown}
 n - a potion of invisibility
 r - 2 potions of brilliance {unknown}
 s - 3 potions of flight {unknown}
 w - a potion of heal wounds {unknown}
 z - a potion of mutation {unknown}
 A - a potion of cancellation {unknown}
 B - 2 potions of ambrosia {unknown}
 D - 2 potions of curing
Comestibles
 b - 8 fruits
 f - 3 bread rations
 h - 2 royal jellies
 u - 5 meat rations


   Skills:
 + Level 4.1 Fighting
 + Level 5.6 Long Blades
 + Level 4.4 Armour
 + Level 1.4 Dodging
 + Level 0.4 Stealth
 + Level 4.2 Shields


You had 6 spell levels left.
You didn't know any spells.

Dungeon Overview and Level Annotations

Branches:
Dungeon (5/15)             Temple (1/1) D:4

Altars:
Ashenzari
Dithmenos
Elyvilon
Fedhas
Gozag
Hepliaklqana
Kikubaaqudgha
Makhleb
Okawaru
Qazlal
Sif Muna
Xom
Yredelemnul
Zin
The Shining One


Innate Abilities, Weirdness & Mutations

You have very sharp fingernails.
A weak demonic guardian rushes to your aid.
When hurt, damage is shared between your health and your magic reserves.
You regenerate magic rapidly.


Message History

Found a gateway leading deeper into the Abyss.
A raiju comes into view.
The raiju barks! 2 raiju come into view.
The raiju bursts into living lightning!
The living lightning hits your shadow imp.
Your shadow imp dies!
The living lightning misses you.
The raiju blinks!
Found a gateway leading deeper into the Abyss.
The raiju bursts into living lightning!
The living lightning misses the raiju.
The living lightning misses you.
The raiju blinks!
The raiju bursts into living lightning!
The living lightning hits the raiju.
The raiju completely resists.
The living lightning hits you!
The living lightning hits the raiju.
The raiju completely resists.
The raiju blinks!
The raiju bites you but does no damage.
The raiju bursts into living lightning!
The living lightning hits you!
You die...

. #### ##.........
.... . ........
#..##....#... .#. .
#.
###.##.#...§.###...
#.#.....#.## #.#
..##.#...h.## ...
#......#....#....
.....###.........
.#}........#....
......#@h.###...
...##..#h## #.# .
#.##.§.# .. ...
....# #.## .......
# ...>.#..
##...###.. .## #.


You could see 3 raiju.

Vanquished Creatures
  Edmund (D:4)
  A phantom (D:4)
  2 ogres
  Dowan (D:3)
  Crazy Yiuf (D:3)
  Jessica (D:3)
  An orc wizard (D:5)
  A worker ant (D:4)
  6 adders
  8 gnolls
  2 oozes (Sewer)
  7 worms
  A dart slug (D:3)
  7 leopard geckos
  3 orcs (D:5)
  7 giant cockroaches
  5 goblins
  12 hobgoblins
  4 jackals (Sewer)
  11 bats
  6 frilled lizards
  5 kobolds
  4 rats
97 creatures vanquished.

Vanquished Creatures (collateral kills)
  Duvessa (D:4)
  A worker ant (D:4)
2 creatures vanquished.

Grand Total: 99 creatures vanquished

Notes
Turn   | Place    | Note
-------+----------+-------------------------------------------
     0 | D:1      | Peloso the Demonspawn Fighter began the quest for the Orb.
     0 | D:1      | Reached XP level 1. HP: 18/18 MP: 1/1
    88 | D:1      | Gained mutation: When hurt, damage is shared between your health and your magic reserves. [demonic ancestry]
    88 | D:1      | Reached XP level 2. HP: 23/24 MP: 2/2
   279 | D:1      | Reached skill level 2 in Long Blades
   617 | D:2      | Gained mutation: You have sharp fingernails. [demonic ancestry]
   617 | D:2      | Reached XP level 3. HP: 9/29 MP: 3/3
  1209 | D:2      | Gained mutation: You have very sharp fingernails. [demonic ancestry]
  1209 | D:2      | Reached XP level 4. HP: 27/35 MP: 4/4
  1467 | D:2      | Noticed an ogre
  1474 | D:2      | Killed an ogre
  1474 | D:2      | Reached skill level 3 in Long Blades
  1474 | D:2      | Reached skill level 1 in Dodging
  1474 | D:2      | Gained mutation: You regenerate magic rapidly. [demonic ancestry]
  1474 | D:2      | Reached XP level 5. HP: 20/41 MP: 2/5
  1535 | D:3      | Found a runed door.
  1710 | D:3      | Found a glowing drain.
  1715 | Sewer    | Entered a sewer
  2382 | D:3      | Noticed Jessica
  2407 | D:3      | Killed Jessica
  2407 | D:3      | Gained mutation: A weak demonic guardian rushes to your aid. [demonic ancestry]
  2407 | D:3      | Reached XP level 6. HP: 36/48 MP: 4/6
  2570 | D:3      | Found a shimmering altar of Xom.
  2617 | D:3      | Reached skill level 4 in Long Blades
  2907 | D:3      | Noticed Crazy Yiuf
  2918 | D:3      | Killed Crazy Yiuf
  3243 | D:4      | Found a glowing golden altar of the Shining One.
  3291 | D:4      | Noticed Dowan
  3292 | D:4      | Noticed Duvessa
  3358 | D:4      | Killed Duvessa
  3379 | D:3      | Killed Dowan
  3379 | D:3      | Reached XP level 7. HP: 13/53 MP: 7/7
  3587 | D:4      | Noticed Edmund
  3599 | D:4      | Killed Edmund
  3599 | D:4      | Reached skill level 5 in Long Blades
  3766 | D:4      | Found an opulent altar of Gozag.
  3772 | D:4      | Found a staircase to the Ecumenical Temple.
  3794 | D:4      | Found an iron altar of Okawaru.
  3807 | Temple   | Entered the Ecumenical Temple
  3998 | D:4      | Found a deep blue altar of Sif Muna.
  3999 | D:4      | Found a stormy altar of Qazlal.
  4232 | D:5      | Entered Level 5 of the Dungeon
  4493 | D:5      | Cast into level 1 of the Abyss (gnoll)
  4508 | Abyss:1  | Noticed a kraken
  4518 | Abyss:1  | Noticed a raiju
  4520 | Abyss:1  | Noticed a raiju
  4520 | Abyss:1  | Noticed a raiju
  4523 | Abyss:1  | Killed from afar by a raiju

Skill      XL: |  1  2  3  4  5  6  7 |
---------------+----------------------+-----
Long Blades    | 2 3 4 5 |  5.6
Armour         | 3 4 |  4.4
Shields        | 3 4 |  4.2
Dodging        | 1 |  1.4
Fighting       | 4 |  4.1
Stealth        | |  0.4

Action                   |  1- 3 |  4- 6 |  7- 9 || total
-------------------------+-------+-------+-------++-------
Melee: Long sword        |   137 |   224 |    73 ||   434
       Unarmed           |       |     3 |       ||     3
  Use: Potion            |     1 |     1 |       ||     2
       Scroll            |       |    10 |       ||    10
  Eat: Chunk             |       |     8 |     5 ||    13
Armor: Scale mail        |    13 |       |       ||    13
       Chain mail        |    82 |   159 |    47 ||   288
       Fire dragon scale |    10 |       |       ||    10
Dodge: Dodged            |    36 |    74 |    15 ||   125
Block: Shield            |    80 |   132 |    35 ||   247
       Rpst.: Long sword |    10 |    20 |     5 ||    35
